 Dungeon Crawl Stone Soup version 0.26-a0-651-gb41185065b (webtiles) character file.

Game seed: 1438117386489910510

32 loralnil the Insei (level 3, 0/28 HPs)
             Began as a Gnoll Transmuter on Oct 22, 2020.
             Succumbed to an adder's poison
             ... on level 2 of the Dungeon.
             The game lasted 00:01:18 (777 turns).

loralnil the Insei (Gnoll Transmuter)                Turns: 777, Time: 00:01:18

Health: 0/28       AC:  3    Str: 12    XL:     3   Next: 25%
Magic:  7/9        EV: 15    Int: 15    God:
Gold:   104        SH:  0    Dex: 16    Spells: 9/12 levels left

rFire    . . .     SeeInvis .     - Unarmed
rCold    . . .     Faith    .   (no shield)
rNeg     . . .     Spirit   .   a - +0 robe
rPois    .         Reflect  .   (no helmet)
rElec    .         Harm     .   (no cloak)
rCorr    .         Rampage  .   c - +0 pair of gloves
MR       .....                  (no boots)
Stlth    ++........             (no amulet)
HPRegen  0.09/turn              (no ring)
MPRegen  0.11/turn              (no ring)

@: lethally poisoned (0 -> -5)
A: distributed training, fangs 1, strong nose
a: no special abilities


You were on level 2 of the Dungeon.
You visited 1 branch of the dungeon, and saw 2 of its levels.

You collected 104 gold pieces.

Inventory:

Armour
 a - a +0 robe (worn)
 c - a +0 pair of gloves (worn)
Scrolls
 d - a scroll of remove curse
Potions
 b - a potion of flight


   Skills:
 + Level 2.6 Fighting
 + Level 0.7 Short Blades
 + Level 0.7 Long Blades
 + Level 0.7 Axes
 + Level 0.7 Maces & Flails
 + Level 0.7 Polearms
 + Level 0.7 Staves
 + Level 0.7 Slings
 + Level 0.7 Bows
 + Level 0.7 Crossbows
 + Level 0.7 Throwing
 + Level 0.7 Armour
 + Level 4.5 Dodging
 + Level 0.7 Stealth
 + Level 0.7 Shields
 + Level 6.5 Unarmed Combat
 + Level 5.0 Spellcasting
 + Level 0.5 Conjurations
 + Level 0.5 Hexes
 + Level 0.5 Summonings
 + Level 0.5 Necromancy
 + Level 0.5 Translocations
 + Level 3.7 Transmutations
 + Level 0.5 Fire Magic
 + Level 0.5 Ice Magic
 + Level 0.5 Air Magic
 + Level 0.5 Earth Magic
 + Level 0.5 Poison Magic
 + Level 0.9 Invocations
 + Level 0.7 Evocations


You had 9 spell levels left.
You knew the following spells:

 Your Spells              Type           Power        Failure   Level
a - Beastly Appendage     Tmut           ###...       3%          1
b - Wereblood             Tmut           ###.....     5%          2

Your spell library contained the following spells:

 Spells                   Type           Power        Failure   Level
 Spider Form              Tmut/Pois      ##........   21%         3
 Ice Form                 Ice/Tmut       ##......     56%         4
 Blade Hands              Tmut           ###.......   67%         5


Dungeon Overview and Level Annotations

Branches:
Dungeon (2/15)

Altars:


Innate Abilities, Weirdness & Mutations

Your experience applies equally to all skills.
You have very sharp teeth.
Your uncanny sense of smell can sniff out nearby items.


Message History

The adder bites you.
* * * LOW HITPOINT WARNING * * *
You punch the adder!
The adder is almost dead.
The adder closely misses you.
You closely miss the adder.
The adder is almost dead.
The adder closely misses you.
You closely miss the adder.
The adder is almost dead.
The adder bites you but does no damage.
You hit the adder but do no damage.
The adder is almost dead.
The adder bites you.
* * * LOW HITPOINT WARNING * * *
You are lethally poisoned!
The adder poisons you!
You barely miss the adder. Your bite misses the adder.
The adder is almost dead.
You die...

## .. #..... ## #
.#. #.. ..#. #
.#.####.# #.... #
...#.##..#.# #
#.####..........
###
#.......<....#
..#
#..####K..##.#
#.# #..# #S#....#
#.# #.. ##@###..#
#.# ##.####..# .#
#.# #.......## ..
#.#######.#.#####
.# >......##.#.#
# ............#
.......##..##
.......##..#
.......##..#


You could see an adder and a kobold.

Vanquished Creatures
  An adder (D:2)
  An ooze (D:2)
  A dart slug (D:1)
  A bat (D:1)
  4 giant cockroaches (D:1)
  A hobgoblin (D:1)
  3 frilled lizards
  2 kobolds
  5 rats (D:1)
19 creatures vanquished.

Notes
Turn   | Place    | Note
-------+----------+-------------------------------------------
     0 | D:1      | loralnil the Gnoll Transmuter began the quest for the Orb.
     0 | D:1      | Reached XP level 1. HP: 17/17 MP: 6/6
   109 | D:1      | Reached XP level 2. HP: 23/23 MP: 5/7
   129 | D:1      | Learned a level 2 spell: Wereblood
   772 | D:2      | Reached skill level 5 in Spellcasting
   772 | D:2      | Reached XP level 3. HP: 6/28 MP: 7/9
   776 | D:2      | HP: 1/28 [adder (3)]
   777 | D:2      | Succumbed to an adder's poison

Illustrated notes

Levels and vault maps discovered:
D:1:      eino_arrival_tree_alley, layout_basic,
          wander_ebering_terrifying_dragon_lair
D:2:      layout_rooms

Skill      XL: |  1  2 |
---------------+-------+-----
Spellcasting   | 5 |  5.0
Fighting       | |  2.6
Short Blades   | |  0.7
Long Blades    | |  0.7
Axes           | |  0.7
Maces & Flails | |  0.7
Polearms       | |  0.7
Staves         | |  0.7
Slings         | |  0.7
Bows           | |  0.7
Crossbows      | |  0.7
Throwing       | |  0.7
Armour         | |  0.7
Dodging        | |  4.5
Stealth        | |  0.7
Shields        | |  0.7
Unarmed Combat | |  6.5
Conjurations   | |  0.5
Hexes          | |  0.5
Summonings     | |  0.5
Necromancy     | |  0.5
Translocations | |  0.5
Transmutations | |  3.7
Fire Magic     | |  0.5
Ice Magic      | |  0.5
Air Magic      | |  0.5
Earth Magic    | |  0.5
Poison Magic   | |  0.5
Invocations    | |  0.9
Evocations     | |  0.7

Action                   || total
-------------------------++-------
Melee: Unarmed           ||    40
       Headbutt          ||     4
       Kick              ||     1
       Bite              ||     4
 Cast: Beastly Appendage ||    10
  Use: Scroll            ||     3
       Potion            ||     1
 Stab: Sleeping          ||     2
Armor: Robe              ||     3
Dodge: Dodged            ||    18

Table legend: (Time is in decaauts)
 A = Elapsed time spent in this place.
 B = Non-inter-level travel time spent in this place.
 C = Inter-level travel time spent in this place.
 D = Time resting spent in this place.
 E = Time spent auto-exploring this place.
 F = Levels seen in this place.
 G = Mean time per level.
                   A        B        C        D        E       F      G
               +--------+--------+--------+--------+--------+-----+--------+
         Total |    771 |    728 |     43 |      0 |    597 |   2 |  385.5 |
       Dungeon |    771 |    728 |     43 |      0 |    597 |   2 |  385.5 |
               +--------+--------+--------+--------+--------+-----+--------+

Top non-repeatable levels by time:
     D:1: 676 daAuts
     D:2: 95 daAuts
